 Dungeon Crawl Stone Soup version 0.29.0-15-g675c0067aa (webtiles) character file.

Game seed: 4183343719414905643

695 qw the Chopper (level 7, 0/43 HPs)
             Began as a Gargoyle Fighter on Sept 12, 2022.
             Slain by a yak (6 damage)
             ... on level 5 of the Dungeon.
             The game lasted 00:01:15 (4313 turns).

qw the Chopper (Gargoyle Fighter)                   Turns: 4313, Time: 00:01:16

Health: 0/43       AC: 11    Str: 21    XL:     7   Next: 64%
Magic:  7/7        EV:  9    Int: 12    God:
Gold:   268        SH:  4    Dex:  8    Spells: 6/6 levels left

rFire   . . .      SeeInvis .   Y - +0 war axe
rCold   . . .      Faith    .   c - +0 buckler
rNeg    + . .      Spirit   .   b - +0 scale mail
rPois   inf        Reflect  .   (no helmet)
rElec   +          Harm     .   (no cloak)
rCorr   .          Rampage  .   (no gloves)
Will    .....                   (no boots)
Stlth   ..........              (no amulet)
HPRegen 0.14/turn               (no ring)
MPRegen 0.10/turn               (no ring)

@: about to teleport
A: sickness immunity, AC +4, negative energy resistance 1, electricity
resistance, torment resistance 1, petrification resistance, clever 1
a: no special abilities


You were on level 5 of the Dungeon.
You visited 1 branch of the dungeon, and saw 5 of its levels.

You collected 268 gold pieces.


Innate Abilities, Weirdness & Mutations

You are immune to sickness and miasma.
Your stone body is resilient. (AC +4)
You are immune to poison.
You resist negative energy. (rN+)
You are resistant to electric shocks. (rElec)
You are resistant to unholy torment.
You are immune to petrification.
Your mind is acute. (Int +4, Str/Dex -1)


   Skills:
 - Level 4.0 Fighting
 + Level 6.8 Axes
 - Level 1.0 Throwing
 - Level 3.2 Armour
 - Level 1.8 Dodging
 - Level 3.2 Shields


You had 6 spell levels left.
You didn't know any spells.
Your spell library was empty.

Inventory:

Hand Weapons
 e - a +0 flail
 Y - a +0 war axe (weapon)
Missiles
 j - a silver boomerang (quivered)
Armour
 b - a +0 scale mail (worn)
 c - a +0 buckler (worn)
Scrolls
 h - a scroll of identify
Potions
 a - 2 potions of mutation
 d - a potion of might
 f - a potion of haste
 i - a potion of degeneration {unknown}
 k - 5 potions of curing

Dungeon Overview and Level Annotations

Branches:
Dungeon (5/15)             Temple (0/1) D:5

Altars:
Dithmenos
Vehumet
Zin

Shops:
D:1 :


Message History

Press: ? - help, Q - select action Shift-Dir - straight line, f - yak You throw a silver boomerang.
The silver boomerang hits the yak.
The yak is lightly wounded.
A yak comes into view.
Throw: boomerang (silver)
Press: ? - help, Q - select action Shift-Dir - straight line, f/p - yak You throw a silver boomerang.
The silver boomerang barely misses the yak.
The yak bellows!
A yak comes into view.
Throw: boomerang (silver)
Press: ? - help, Q - select action Shift-Dir - straight line, f/p - yak You throw a silver boomerang.
The yak bellows!
The silver boomerang hits the yak.
The yak is moderately wounded.
A yak comes into view.
The yak bellows!
You slash the yak!
The yak is moderately wounded.
You block the yak's attack. The yak gores you but does no damage.
You closely miss the yak.
The yak is moderately wounded.
The yak gores you!
You hit the yak.
The yak is heavily wounded.
The yak closely misses you.
You barely miss the yak.
The yak is heavily wounded.
You closely miss the yak. The yak gores you but does no damage.
The yak gores you!
You closely miss the yak.
The yak is heavily wounded.
You hit the yak. The yak gores you. The yak misses you. The yak gores you! x2
4313 ||| READING scroll of teleportation.
As you read the scroll of teleportation, it crumbles to dust.
You feel strangely unstable. The yak barely misses you. The yak gores you.
You die...

...........
..........
..........
.........
.........
.......Y## ..
#..YY.# ## ... .
#.Y@###.##....
....##..##........
..................
......###.........
#..... #..........
#...## ##.........
.... # #.........
.###.##.#../..#..
#..............


You could see 4 yaks.

Vanquished Creatures
  A black bear (D:5)
  An ogre (D:4)
  A necrophage (D:5)
  A scorpion (D:5)
  A jelly (D:4)
  2 hounds (D:4)
  2 iguanas (D:5)
  Natasha (thrice) (D:3)
  An orc wizard (D:5)
  7 adders
  2 worms
  2 dart slugs
  9 orcs
  4 endoplasms
  2 giant cockroaches
  4 goblins
  5 hobgoblins
  2 jackals (D:4)
  9 kobolds
  A quokka (D:4)
  4 ball pythons
  7 bats
  2 frilled lizards
  3 rats (D:2)
76 creatures vanquished.

Notes
Turn   | Place    | Note
-------+----------+-------------------------------------------
     0 | D:1      | qw the Gargoyle Fighter began the quest for the Orb.
     0 | D:1      | Reached XP level 1. HP: 14/14 MP: 1/1
     0 | D:1      | 0 ||| qw: Version: 0.1-a-119-g272c26d
     0 | D:1      | 0 ||| qw: Game counter: 10984
     0 | D:1      | 0 ||| qw: Always use a shield: true
     0 | D:1      | 0 ||| qw: God list: Okawaru
     0 | D:1      | 0 ||| qw: Allow faded altars: false
     0 | D:1      | 0 ||| qw: Do Orc after D:15 true
     0 | D:1      | 0 ||| qw: Do second Lair branch before Depths: true
     0 | D:1      | 0 ||| qw: Lair rune preference: random
     0 | D:1      | 0 ||| qw: Plans: Normal, Zot, God:TSO, Crypt, Tomb, Pan,
                  | Slime, Hells, Zig, Abyss, Orb
     0 | D:1      | 0 ||| PLANNING D:1-11
   133 | D:1      | Reached skill level 2 in Axes
   147 | D:1      | Found a faded altar of an unknown god.
   234 | D:1      | 234 ||| DROPPING +0 club.
   236 | D:1      | Found Qaecu's Book Shop.
   362 | D:1      | Reached XP level 2. HP: 17/19 MP: 2/2
   755 | D:1      | 755 ||| READING scroll labelled XABUICLOALE.
   756 | D:1      | 756 ||| READING scroll labelled VUUVVI ZUAFI.
   857 | D:1      | 857 ||| READING scroll labelled PEKUEP GEDGHI.
   858 | D:1      | 858 ||| READING scroll labelled RUERUE ZEUD.
   862 | D:1      | 862 ||| DRINKING 2 puce potions.
   967 | D:1      | 967 ||| DROPPING potion of berserk rage.
  1045 | D:2      | Reached skill level 3 in Axes
  1045 | D:2      | Reached XP level 3. HP: 23/23 MP: 3/3
  1729 | D:2      | 1729 ||| Stepping ~*~*~tactically~*~*~ (stealth).
  1733 | D:2      | Reached XP level 4. HP: 25/28 MP: 4/4
  2018 | D:2      | 2018 ||| READING scroll labelled MEEZIUZEKU.
  2019 | D:2      | 2019 ||| READING scroll labelled KARGHY SUNU.
  2020 | D:2      | 2020 ||| DRINKING 2 metallic emerald potions.
  2020 | D:2      | Gained mutation: Your mind is acute. (Int +4, Str/Dex -1)
                  | [potion of mutation]
  2021 | D:2      | 2021 ||| DRINKING 2 fuming golden potions.
  2022 | D:2      | 2022 ||| DRINKING 2 white potions.
  2098 | D:3      | Reached skill level 4 in Axes
  2296 | D:3      | 2296 ||| DROPPING +0 whip.
  2425 | D:3      | Noticed Natasha
  2426 | D:3      | 2426 ||| Stepping ~*~*~tactically~*~*~ (stealth).
  2432 | D:3      | Killed Natasha
  2445 | D:3      | Noticed Natasha
  2446 | D:3      | 2446 ||| Stepping ~*~*~tactically~*~*~ (hiding).
  2458 | D:3      | Killed Natasha
  2459 | D:3      | Reached XP level 5. HP: 17/32 MP: 5/5
  2727 | D:3      | Noticed Natasha
  2728 | D:3      | 2728 ||| Stepping ~*~*~tactically~*~*~ (stealth).
  2729 | D:3      | 2729 ||| Stepping ~*~*~tactically~*~*~ (stealth).
  2739 | D:3      | Killed Natasha
  2740 | D:3      | Reached skill level 5 in Axes
  2917 | D:3      | Found a shadowy altar of Dithmenos.
  3096 | D:3      | 3096 ||| READING scroll labelled AXINEACLER.
  3097 | D:3      | 3097 ||| READING 2 scrolls of identify.
  3097 | D:3      | 3097 ||| IDENTIFYING sedimented inky potion
  3161 | D:4      | Reached skill level 1 in Throwing
  3239 | D:4      | Reached XP level 6. HP: 33/38 MP: 6/6
  3516 | D:4      | 3516 ||| Stepping ~*~*~tactically~*~*~ (stealth).
  3529 | D:4      | Found a glowing silver altar of Zin.
  3563 | D:4      | 3563 ||| Stepping ~*~*~tactically~*~*~ (stealth).
  4058 | D:5      | Entered Level 5 of the Dungeon
  4066 | D:5      | Reached skill level 6 in Axes
  4069 | D:5      | Noticed a black bear
  4070 | D:5      | Found a staircase to the Ecumenical Temple.
  4071 | D:5      | 4071 ||| PLANNING TEMPLE
  4077 | D:5      | 4077 ||| Stepping ~*~*~tactically~*~*~ (stealth).
  4085 | D:5      | Killed a black bear
  4086 | D:5      | Reached skill level 1 in Dodging
  4086 | D:5      | Reached XP level 7. HP: 27/43 MP: 7/7
  4094 | D:5      | HP: 10/43 [scorpion (3)]
  4095 | D:5      | 4095 ||| READING 2 scrolls of teleportation.
  4096 | D:5      | 4096 ||| DRINKING potion of heal wounds.
  4097 | D:5      | Found a radiant altar of Vehumet.
  4140 | D:5      | 4140 ||| Stepping ~*~*~tactically~*~*~ (stealth).
  4303 | D:5      | Noticed a yak
  4304 | D:5      | Noticed a yak
  4305 | D:5      | Noticed a yak
  4307 | D:5      | Noticed a yak
  4312 | D:5      | HP: 6/43 [yak (8)]
  4313 | D:5      | 4313 ||| READING scroll of teleportation.
  4313 | D:5      | Slain by a yak

Levels and vault maps discovered:
D:1:      ebering_hopf_link, layout_loops_ring,
          hellmonk_ecumenical_altar_blasted, serial_shops,
          nicolae_shop_statue_plus
D:2:      layout_loops_corners, kennysheep_generic_room_15
D:3:      layout_basic, nicolae_dithmenos_the_darkroom, uniq_natasha
D:4:      layout_rooms, mainiacjoe_overflow_24_doors
D:5:      layout_cave_pools, vehumet_altar_wand_db, minmay_temple_entry_tees,
          minmay_ruined_shrine

Skill      XL: |  1  2  3  4  5  6 |
---------------+-------------------+-----
Axes           | 2 3 4 5 6 |  6.8
Throwing       | 1 |  1.0
Fighting       | 4 |  4.0
Dodging        | 1 |  1.8
Armour         | |  3.2
Shields        | |  3.2

Action                   |  1- 3 |  4- 6 |  7- 9 || total
-------------------------+-------+-------+-------++-------
Melee: War axe           |    68 |   135 |    23 ||   226
Throw: Boomerang         |       |    31 |     5 ||    36
  Use: Scroll            |     4 |     4 |     2 ||    10
       Potion            |     1 |     3 |     1 ||     5
Armor: Scale mail        |    33 |    81 |    15 ||   129
Dodge: Dodged            |    30 |    56 |    14 ||   100
Block: Buckler           |     5 |    29 |     6 ||    40

Table legend:
 A = Non-vault XP
 B = Vault XP
 C = Vault XP percentage of total XP
 D = Non-vault monster count
 E = Vault monster count
 F = Vault count percentage of total count
                 A         B        C        D         E       F
            +---------+---------+-------+---------+---------+-------
      Total |     775 |     218 |  22.0 |      70 |       6 |   7.9
            +---------+---------+-------+---------+---------+-------
        D:1 |      20 |       0 |   0.0 |      11 |       0 |   0.0
        D:2 |      75 |       1 |   1.3 |      17 |       1 |   5.6
        D:3 |      99 |      36 |  26.7 |      14 |       1 |   6.7
        D:4 |     331 |       0 |   0.0 |      22 |       0 |   0.0
        D:5 |     250 |     181 |  42.0 |       6 |       4 |  40.0
            +---------+---------+-------+---------+---------+-------
